cohdb
Replays
Latest Replays
All Replays
Popular Replays
Top Player Replays
Match Explorer
How It Works
Community
CoH3 Stats
Reddit
Sign in to upload your games and track your stats! →
Sign in with Steam
Match 42512775
Unlisted
Match 42512775
Overview
Messages
Build Orders
End
Construct Section Command Post
Vickers Machine Gun Team
Dingo Light Scout Car
ML 3-inch Mortar Team
Selects Canadian Shock Battlegroup
Selects Attacking Spirit
Selects Canadian Shock Section
Canadian Shock Section
Construct Platoon Command Post
Canadian Shock Section
Unlock Bishop Self-propelled Artillery
Bishop Self-propelled Artillery
Selects Incendiary Munitions
Selects Pyrotechnics
Bishop Self-propelled Artillery
Light Vehicle Training
Canadian Shock Section
6-pounder Anti-tank Gun Team
Pascha28
Facetiousleek
Carlos I Emperador de España
goots
BrainlesS
Clumsy
Not vincentbui
Mael Radec
0
0
Comments
sign in to comment!
No comments posted yet!